 Dungeon Crawl Stone Soup version 0.21-b1-23-g1fb0a74c36 (webtiles) character file.

895 GordonOverkill the Cleaver (level 8, -9/58 HPs)
             Began as a Human Fighter on Jan 6, 2018.
             Mangled by an orc warrior
             ... wielding a +0 scimitar
              (22 damage)
             ... on level 3 of the Dungeon.
             The game lasted 00:11:06 (5057 turns).

GordonOverkill the Cleaver (Human Fighter)          Turns: 5057, Time: 00:11:06

Health: -9/58      AC:  9    Str: 18    XL:     8   Next: 27%
Magic:  0/8        EV:  9    Int:  8    God:
Gold:   61         SH:  0    Dex: 14    Spells: 7/7 levels left

rFire    . . .     SeeInvis .   a - +0 war axe
rCold    . . .     Gourm    .   (no shield)
rNeg     . . .     Faith    .   b - +0 scale mail
rPois    .         Spirit   +   (no helmet)
rElec    .         Reflect  .   s - +0 cloak
rCorr    .         Harm     .   (no gloves)
MR       .....                  g - +1 pair of boots
Stlth    ..........             e - amulet of guardian spirit
HPRegen  0.19/turn              (no ring)
MPRegen  0.11/turn              (no ring)

@: heavily drained
A: no striking features
a: no special abilities


You were on level 3 of the Dungeon.
You were hungry.

You visited 1 branch of the dungeon, and saw 3 of its levels.
You also visited: Sewer.

You collected 61 gold pieces.

Inventory:

Hand Weapons
 a - a +0 war axe (weapon)
Missiles
 d - 2 throwing nets (quivered)
 l - 99 sling bullets
Armour
 b - a +0 scale mail (worn)
 c - a +0 shield
 g - a +1 pair of boots (worn)
 s - a +0 cloak (worn)
Jewellery
 e - an amulet of guardian spirit (around neck)
Scrolls
 j - 2 scrolls of identify
 k - 2 scrolls of teleportation
 n - a scroll of remove curse
Potions
 i - 3 potions of heal wounds
 m - 3 potions of agility
 o - 6 potions of curing
 p - a potion of flight
 q - 2 potions of might
 r - a potion of lignification
Comestibles
 f - 8 rations


   Skills:
 - Level 3.0(1.6) Fighting
 + Level 9.1(7.5) Axes
 - Level 3.0(1.6) Armour
 - Level 3.0(1.6) Shields


You had 7 spell levels left.
You didn't know any spells.

Dungeon Overview and Level Annotations

Branches:
Dungeon (3/15)

Altars:

Annotations:
D:2 1 runed door


Message History

The orc warrior is heavily wounded.
Your scale mail prevents you from hitting something.
The orc warrior closely misses you. Something hits you but does no damage.
You bump into the rock wall.
You feel less confused.
The orc warrior hits you with a scimitar!
Something hits you but does no damage.
You barely miss the orc warrior.
The orc warrior is heavily wounded.
You slash something!
Reactivating autopickup.
You feel a bit more experienced. The orc warrior closely misses you.
You hit the orc warrior.
The orc warrior is severely wounded.
The orc warrior hits you with a scimitar!
* * * LOW HITPOINT WARNING * * *
You hit the orc warrior but do no damage.
The orc warrior is severely wounded.
The orc warrior hits you with a scimitar!!
You die...

#.........##........#
#.........########..#
#........(###### #..#
########[!(....###..###
########.......##.....#
......##(......##....(#
.........(.....##.....######.#
...............o).....'......#
..........)....#@.....##########
......##.......#.#.>...........#
#..............#.#.###########.#
#........##...##.#.# #.#
.................#.# #.#
.........##...####.###### #.#
.........##...##!.......######.#
....#+#.########...............#
....#.#..................#######


You could see an orc warrior.

Vanquished Creatures
  Grinder (D:3)
  Sigmund (D:2)
  2 big kobolds (Sewer)
  An orc priest (D:3)
  3 orc wizards (D:3)
  9 adders
  9 river rats (Sewer)
  An ooze (D:1)
  3 worms
  2 dart slugs
  2 leopard geckos (D:3)
  7 orcs (D:3)
  4 giant cockroaches
  6 goblins
  12 hobgoblins
  2 jackals (D:2)
  23 kobolds
  A quokka (D:2)
  5 ball pythons
  9 bats
  2 frilled lizards
  24 rats
  A fungus (D:2)
130 creatures vanquished.

Notes
Turn   | Place    | Note
-------+----------+-------------------------------------------
     0 | D:1      | GordonOverkill the Human Fighter began the quest for the Orb.
     0 | D:1      | Reached XP level 1. HP: 18/18 MP: 1/1
   210 | D:1      | Reached XP level 2. HP: 24/24 MP: 2/2
   354 | D:1      | Reached skill level 3 in Axes
   523 | D:1      | Reached XP level 3. HP: 29/29 MP: 3/3
  1203 | D:2      | Reached skill level 4 in Axes
  1203 | D:2      | Reached XP level 4. HP: 17/35 MP: 4/4
  2182 | D:2      | Noticed Sigmund
  2197 | D:2      | Killed Sigmund
  2197 | D:2      | Reached skill level 6 in Axes
  2197 | D:2      | Reached XP level 5. HP: 41/41 MP: 5/5
  2197 | D:2      | Reached XP level 6. HP: 47/47 MP: 6/6
  2529 | D:2      | Found a runed door.
  2595 | D:3      | Noticed Grinder
  2748 | D:3      | Killed Grinder
  2748 | D:3      | Reached skill level 7 in Axes
  2748 | D:3      | Reached XP level 7. HP: 23/52 MP: 3/7
  3039 | D:3      | Found a glowing drain.
  3053 | Sewer    | Entered a sewer
  3473 | Sewer    | Reached skill level 8 in Axes
  3751 | Sewer    | Reached XP level 8. HP: 46/58 MP: 5/8
  4517 | D:3      | Reached skill level 9 in Axes
  5057 | D:3      | Mangled by an orc warrior

Skill      XL: |  1  2  3  4  5  6  7  8 |
---------------+-------------------------+-----
Axes           | 3 4 6 7 8 9 |  9.1
Fighting       | |  3.0
Armour         | |  3.0
Shields        | |  3.0

Action                   |  1- 3 |  4- 6 |  7- 9 || total
-------------------------+-------+-------+-------++-------
Melee: War axe           |    88 |   106 |   223 ||   417
  Use: Scroll            |       |     6 |     3 ||     9
       Potion            |       |     2 |     5 ||     7
  Eat: Chunk             |     1 |     5 |     4 ||    10
       Ration            |       |       |     1 ||     1
Armor: Scale mail        |    47 |    44 |   129 ||   220
       Skin              |       |     6 |       ||     6
Dodge: Dodged            |    56 |    39 |   135 ||   230
